 Dungeon Crawl Stone Soup version 0.24-a0-230-g536ed4e (webtiles) character file.

Game seed: 11132540273984766336

1901 TheGoonsmith the Cleaver (level 9, -1/79 HPs)
             Began as a Hill Orc Gladiator on Apr 2, 2019.
             Was a Follower of Makhleb.
             Succumbed to Harold's poison
             ... on level 8 of the Dungeon.
             The game lasted 00:11:43 (7606 turns).

TheGoonsmith the Cleaver (Hill Orc Gladiator)       Turns: 7606, Time: 00:11:44

Health: -1/79      AC: 14    Str: 20    XL:     9   Next: 15%
Magic:  9/9        EV:  8    Int:  8    God:    Makhleb [*.....]
Gold:   537        SH:  0    Dex: 12    Spells: 8/8 levels left

rFire    . . .     SeeInvis +   a - +0 war axe
rCold    . . .     Gourm    .   (no shield)
rNeg     + . .     Faith    .   m - +0 chain mail
rPois    .         Spirit   .   c - +1 helmet
rElec    .         Reflect  .   e - +0 cloak
rCorr    .         Harm     .   j - +0 pair of gloves
MR       .....                  (no boots)
Stlth    ..........             (no amulet)
HPRegen  0.23/turn              v - ring of positive energy
MPRegen  0.11/turn              k - ring of see invisible

@: lethally poisoned (-1 -> -20), marked
A: no striking features
a: Renounce Religion


You were on level 8 of the Dungeon.
You worshipped Makhleb.
Makhleb was aware of your devotion.
You were not hungry.

You visited 1 branch of the dungeon, and saw 8 of its levels.

You collected 537 gold pieces.

Inventory:

Hand Weapons
 a - a +0 war axe (weapon)
Missiles
 d - 4 throwing nets (quivered)
Armour
 b - a +0 leather armour
 c - a +1 helmet (worn)
 e - a +0 cloak (worn)
 j - a +0 pair of gloves (worn)
 m - a +0 chain mail (worn)
Jewellery
 k - a ring of see invisible (right hand)
 v - a ring of positive energy (left hand)
 A - an uncursed ring of wizardry {unknown}
Wands
 p - a wand of polymorph (8)
 w - a wand of acid (6)
 y - a wand of paralysis (10)
 z - a wand of iceblast (21)
Scrolls
 h - 2 scrolls of teleportation
 i - 2 scrolls of magic mapping
 n - 3 scrolls of remove curse
 r - 3 scrolls of identify
 B - a scroll of amnesia {unknown}
 D - a scroll of holy word {unknown}
Potions
 g - a potion of cancellation
 l - 3 potions of degeneration
 o - a potion of brilliance
 q - 2 potions of flight
 s - a potion of magic
 t - 3 potions of agility
 u - 3 potions of ambrosia
Comestibles
 f - 8 rations


   Skills:
 - Level 7.1 Fighting
 + Level 12.1 Axes
 - Level 1.7 Throwing
 - Level 5.0 Armour
 - Level 2.4 Dodging


You had 8 spell levels left.
You didn't know any spells.
Your spell library contained the following spells:

 Spells                   Type           Power        Failure   Level  Hunger
 Corona                   Hex            #......      99%         1    ##.....
 Slow                     Hex            #.......     99%         2    ###....
 Inner Flame              Hex/Fire       #.......     100%        3    ####...
 Portal Projectile        Hex/Tloc       #.....       100%        3    ####...
 Cause Fear               Hex            #.........   100%        4    #####..
 Leda's Liquefaction      Hex/Erth       #.........   100%        4    #####..


Dungeon Overview and Level Annotations

Branches:
Dungeon (8/15)             Temple (0/1) D:7
   Lair: D:8-11

Altars:
Dithmenos
Fedhas
Kikubaaqudgha
Makhleb
Okawaru
Uskayaw
Vehumet
Yredelemnul
The Shining One

Annotations:
D:4 3 runed translucent doors, mopl's ghost, amateur DDGl
D:7 Harold


Message History

* * * LOW HITPOINT WARNING * * *
You feel very sick.
You climb downwards.
A howler monkey zombie comes into view.
* * * LOW HITPOINT WARNING * * *
You feel very sick.
Found an escape hatch in the floor.
There is a stone staircase leading up here.
* * * LOW HITPOINT WARNING * * *
You feel sick.
* * * LOW HITPOINT WARNING * * *
You feel sick.
The howler monkey zombie barely misses you.
Found a shiny fluorescent wand.
You hit the howler monkey zombie but do no damage.
* * * LOW HITPOINT WARNING * * *
You feel sick.
The howler monkey zombie hits you but does no damage.
You barely miss the howler monkey zombie.
You die...

.#. ... .. .##
.. .... #.
.....#.
/......######.#
#...Z@.<.>.#
#...##.####.#
### #.# #.# #.#
#.# #.# #.#


You could see a howler monkey zombie.

Vanquished Creatures
  A hungry ghost (D:3)
  4 ogres
  2 centaurs
  A bullfrog (D:5)
  A wyvern skeleton (D:6)
  3 scorpions
  A killer bee (D:8)
  A howler monkey (D:5)
  A centaur zombie (D:5)
  2 hounds
  4 orc wizards (D:7)
  2 orc priests (D:3)
  A centaur skeleton (D:4)
  A bullfrog skeleton (D:6)
  Terence (D:3)
  2 iguanas
  3 worker ants
  A hound zombie (D:2)
  Robin (D:3)
  11 gnolls
  2 howler monkey skeletons
  10 adders
  3 shadow imps
  2 oozes
  3 adder skeletons
  A worm (D:5)
  5 dart slugs
  2 leopard geckos
  32 orcs
  3 ball pythons
  6 bats
  5 giant cockroaches
  13 goblins
  12 hobgoblins
  8 jackals
  6 kobolds
  4 quokkas
  4 frilled lizards
  9 rats
174 creatures vanquished.

Vanquished Creatures (others)
  2 fungi (D:4)
  2 plants (D:4)
4 creatures vanquished.

Grand Total: 178 creatures vanquished

Notes
Turn   | Place    | Note
-------+----------+-------------------------------------------
     0 | D:1      | TheGoonsmith the Hill Orc Gladiator began the quest for the
                  | Orb.
     0 | D:1      | Reached XP level 1. HP: 18/18 MP: 1/1
    50 | D:1      | Reached XP level 2. HP: 25/25 MP: 2/2
   473 | D:1      | Reached skill level 5 in Axes
   604 | D:1      | Reached XP level 3. HP: 27/31 MP: 3/3
  1116 | D:2      | Found a basalt altar of Yredelemnul.
  1195 | D:2      | Reached XP level 4. HP: 19/38 MP: 4/4
  1411 | D:2      | Reached skill level 6 in Axes
  1434 | D:2      | Found a glowing golden altar of the Shining One.
  1956 | D:2      | Reached XP level 5. HP: 27/46 MP: 5/5
  2435 | D:3      | Noticed Robin
  2530 | D:3      | Killed Robin
  2530 | D:3      | Reached skill level 7 in Axes
  2776 | D:3      | Noticed a hungry ghost
  2796 | D:3      | Killed a hungry ghost
  2796 | D:3      | Reached skill level 8 in Axes
  2796 | D:3      | Reached XP level 6. HP: 54/55 MP: 6/6
  2823 | D:3      | Noticed Terence
  2828 | D:3      | Killed Terence
  2828 | D:3      | Reached skill level 5 in Fighting
  3322 | D:3      | Reached skill level 1 in Armour
  3322 | D:3      | Reached XP level 7. HP: 59/61 MP: 7/7
  3634 | D:4      | Found a runed translucent gate.
  3634 | D:4      | Found a runed translucent gate.
  3634 | D:4      | Found a runed translucent gate.
  3635 | D:4      | Noticed mopl's ghost (amateur DDGl)
  4879 | D:5      | Entered Level 5 of the Dungeon
  4933 | D:5      | Found a shadowy altar of Dithmenos.
  5046 | D:5      | Reached skill level 9 in Axes
  5172 | D:5      | Reached XP level 8. HP: 63/71 MP: 8/8
  5660 | D:5      | Found a burning altar of Makhleb.
  5660 | D:5      | Found an iron altar of Okawaru.
  5693 | D:5      | Became a worshipper of Makhleb the Destroyer
  5864 | D:6      | Reached skill level 10 in Axes
  5893 | D:6      | Reached skill level 5 in Armour
  6399 | D:6      | Found a radiant altar of Vehumet.
  6541 | D:7      | Found a blossoming altar of Fedhas.
  6559 | D:7      | Noticed a +0 hand axe
  6560 | D:7      | Noticed a -2 dagger
  6561 | D:7      | Found a hide-covered altar of Uskayaw.
  6667 | D:7      | Found an ancient bone altar of Kikubaaqudgha.
  6679 | D:7      | Reached skill level 11 in Axes
  6719 | D:7      | Reached * piety under Makhleb
  6860 | D:7      | Reached XP level 9. HP: 60/79 MP: 9/9
  7144 | D:7      | Found a staircase to the Ecumenical Temple.
  7211 | D:8      | Noticed Harold
  7581 | D:7      | Reached skill level 12 in Axes
  7604 | D:8      | HP: 3/79 [poisoned by Harold]
  7605 | D:8      | HP: 1/79 [poisoned by Harold]
  7606 | D:8      | Succumbed to Harold's poison

Levels and vault maps discovered:
D:1:      mrwooster_arrival_statue_2, layout_basic,
          chequers_serial_rivers_room_b
D:2:      layout_loops_corners, nicolae_overflow_crystal_walls,
          yredelemnul_altar_generic
D:3:      layout_basic, uniq_terence, uniq_robin
D:4:      layout_layer_cave, gammafunk_ghost_nasty_kobolds
D:5:      layout_loops_corners, gammafunk_temple_overflow_elements,
          first_ration, basic_altar, abandoned_shop
D:6:      layout_cave_pods, basic_altar, serial_bayou_pond_e,
          hangedman_decor_clover_reticule
D:7:      layout_basic, kiku_gazebo_garden_becter, dancing_weapons_uskayaw,
          kennysheep_mini, temple_statues
D:8:      layout_loops_ring, david_nohive_1, uniq_harold

Skill      XL: |  1  2  3  4  5  6  7  8  9 |
---------------+----------------------------+-----
Fighting       | 3 4 5 6 7 |  7.1
Axes           | 5 6 8 9 11 12 | 12.1
Armour         | 1 3 5 |  5.0
Throwing       | |  1.7
Dodging        | |  2.4

Action                   |  1- 3 |  4- 6 |  7- 9 || total
-------------------------+-------+-------+-------++-------
Melee: War axe           |    84 |   182 |   292 ||   558
  Use: Scroll            |       |       |    16 ||    16
       Potion            |       |       |     3 ||     3
  Eat: Chunk             |     1 |     7 |     9 ||    17
       Ration            |       |     2 |     2 ||     4
Armor: Leather armour    |    38 |     5 |       ||    43
       Chain mail        |       |   135 |   176 ||   311
Dodge: Dodged            |    60 |    75 |   126 ||   261

Table legend:
 A = Non-vault XP
 B = Vault XP
 C = Vault XP percentage of total XP
 D = Non-vault monster count
 E = Vault monster count
 F = Vault count percentage of total count
                 A         B        C        D         E       F
            +---------+---------+-------+---------+---------+-------
      Total |    2577 |     139 |   5.1 |     161 |      13 |   7.5
            +---------+---------+-------+---------+---------+-------
        D:1 |      60 |       0 |   0.0 |      25 |       0 |   0.0
        D:2 |     153 |      11 |   6.7 |      31 |       6 |  16.2
        D:3 |     342 |      60 |  14.9 |      23 |       6 |  20.7
        D:4 |     340 |       0 |   0.0 |      19 |       0 |   0.0
        D:5 |     759 |       0 |   0.0 |      26 |       0 |   0.0
        D:6 |     261 |       0 |   0.0 |      15 |       0 |   0.0
        D:7 |     662 |       0 |   0.0 |      22 |       0 |   0.0
        D:8 |       0 |      68 | 100.0 |       0 |       1 | 100.0
            +---------+---------+-------+---------+---------+-------
